 Dungeon Crawl Stone Soup version 0.30.1-9-gdf580d7c3d (webtiles) character file.

Game seed: 4801708374779288406

81 lonewolfV2 the Shield-Bearer (level 4, -13/55 HPs)
             Began as a Formicid Fighter on Oct 13, 2023.
             Killed from afar by Ijyb (19 damage)
             ... with a bolt of light
             ... on level 3 of the Dungeon.
             The game lasted 00:07:57 (2338 turns).

lonewolfV2 the Shield-Bearer (Formicid Fighter)     Turns: 2338, Time: 00:07:58

Health: -13/55     AC: 22    Str: 22    XL:     4   Next: 68%
Magic:  4/4        EV:  2    Int:  8    God:
Gold:   183        SH: 10    Dex: 13    Spells: 3/3 levels left

rFire   + + .        a - +1 war axe
rCold   + . .        c - +0 buckler
rNeg    . . .        b - melded +0 scale mail
rPois   +            (helmet unavailable)
rElec   +            (cloak currently unavailable)
rCorr   +            (gloves currently unavailable)
SInv    .            (boots currently unavailable)
Will    .....        m - amulet of reflection
Stlth   +            o - +4 ring of slaying
HPRegen 0.29/turn    h - ring of protection from fire
MPRegen 0.09/turn

%: reflection
@: mighty, tree-form, resistant
A: stationary, stasis, torment immunity, boosted hp, permanent stasis, dig
shafts and tunnels, (antennae 3), four strong arms, MP-powered wands, noise
suppression
a: no special abilities


You were on level 3 of the Dungeon.
You were a tree.
You visited 1 branch of the dungeon, and saw 3 of its levels.

You collected 183 gold pieces.

Inventory:

Hand Weapons
 a - a +1 war axe (weapon)
Armour
 b - a +0 scale mail (melded)
 c - a +0 buckler (worn)
Jewellery
 f - a ring of positive energy
 h - a ring of protection from fire (right branch)
 m - an amulet of reflection (around neck)
 o - a +4 ring of slaying (left branch)
Wands
 l - a wand of light (12)
Scrolls
 g - a scroll of teleportation {unknown}
 i - a scroll of immolation
Potions
 j - a potion of resistance
 k - 2 potions of brilliance


   Skills:
 + Level 3.9 Fighting
 + Level 2.7 Axes
 + Level 4.0 Armour
 + Level 4.8 Shields


You had 3 spell levels left.
You didn't know any spells.
Your spell library contained the following spells:

 Spells                   Type           Power      Damage    Failure   Level
 Tukima's Dance           Hex            0%         N/A       83%         3
 Passage of Golubria      Tloc           0%         N/A       99%         4
 Yara's Violent Unravell  Hex/Tmut       0%         3d3       100%        5


Dungeon Overview and Level Annotations

Branches:
Dungeon (3/15)

Altars:
Elyvilon

Shops:
D:1 ?   D:3 =

Annotations:
D:3 1 runed translucent door, Ijyb


Innate Abilities, Weirdness & Mutations

You are a tree.
Your roots penetrate the ground, keeping you stationary.
You cannot be teleported.
You are immune to unholy pain and torment.
Your maximum health is greatly increased.
Your equipment is partially melded.
You cannot be hasted, slowed, berserked, paralysed or teleported.
You can dig through walls and to a lower floor.
((You have a pair of large antennae on your head. (SInv)))
Your four strong arms can wield two-handed weapons with a shield.
You expend magic power (3 MP) to strengthen your wands.
You passively dampen the noise of your surroundings.


Message History

* * * LOW HITPOINT WARNING * * *
You cannot move. (Use ctrl+direction or * direction to attack while stationary and confused.)
You cannot move. (Use ctrl+direction or * direction to attack while stationary and confused.)
You cannot move. (Use ctrl+direction or * direction to attack while stationary and confused.)
You cannot move. (Use ctrl+direction or * direction to attack while stationary and confused.)
You cannot move. (Use ctrl+direction or * direction to attack while stationary and confused.)
You cannot move. (Use ctrl+direction or * direction to attack while stationary and confused.)
You cannot move. (Use ctrl+direction or * direction to attack while stationary and confused.)
You cannot move. (Use ctrl+direction or * direction to attack while stationary and confused.)
You cannot move. (Use ctrl+direction or * direction to attack while stationary and confused.)
You cannot move. (Use ctrl+direction or * direction to attack while stationary and confused.)
You cannot move. (Use ctrl+direction or * direction to attack while stationary and confused.)
You cannot move. (Use ctrl+direction or * direction to attack while stationary and confused.)
You cannot move. (Use ctrl+direction or * direction to attack while stationary and confused.) Ijyb is nearby!
You cannot move. (Use ctrl+direction or * direction to attack while stationary and confused.)
You cannot move. (Use ctrl+direction or * direction to attack while stationary and confused.)
You cannot move. (Use ctrl+direction or * direction to attack while stationary and confused.)
You cannot move. (Use ctrl+direction or * direction to attack while stationary and confused.)
You cannot move. (Use ctrl+direction or * direction to attack while stationary and confused.)
You cannot move. (Use ctrl+direction or * direction to attack while stationary and confused.)
You cannot move. (Use ctrl+direction or * direction to attack while stationary and confused.)
You cannot move. (Use ctrl+direction or * direction to attack while stationary and confused.)
You cannot move. (Use ctrl+direction or * direction to attack while stationary and confused.)
You are too injured to fight recklessly!
You are too injured to fight recklessly!
You are too injured to fight recklessly!
You are too injured to fight recklessly!
You are too injured to fight recklessly!
You hear the sound of rushing water.
There is an entrance to a sewer on this level.
Hurry and find it before the portal rusts away!
Level annotation: 1 runed translucent door, Ijyb Welcome back, lonewolfV2 the Formicid Fighter.
Press ? for a list of commands and other information.
You feel mightier all of a sudden. Ijyb hits you but does no damage.
You feel protected.
You feel less confused. Ijyb hits you but does no damage.
You barely miss Ijyb.
Ijyb zaps a wand.
The bolt of light hits you!!
You die...

### #.. #.# #.#
.#########.###
.......g♣....#
.......###.#.#
....... #.# #
....... #.#
....... #.#
....... #.#
....... #.#
########.##.###
#.# .......#.#
######.#


You could see Ijyb (strong).

Vanquished Creatures
  3 adders
  A worm (D:3)
  2 dart slugs
  3 endoplasms
  5 hobgoblins
  2 jackals (D:1)
  A quokka (D:2)
  10 ball pythons
  3 bats (D:1)
  3 frilled lizards
  6 goblins
  5 kobolds
  3 rats
47 creatures vanquished.

Notes
Turn   | Place    | Note
-------+----------+-------------------------------------------
     0 | D:1      | lonewolfV2 the Formicid Fighter began the quest for the
                  | Orb.
     0 | D:1      | Reached XP level 1. HP: 18/18 MP: 1/1
    86 | D:1      | Reached XP level 2. HP: 24/24 MP: 2/2
   372 | D:1      | Found Xuptugel's Magic Scroll Emporium.
   512 | D:1      | Reached XP level 3. HP: 24/29 MP: 3/3
  1007 | D:2      | Found a white marble altar of Elyvilon.
  1079 | D:2      | Found a faded altar of an unknown god.
  1130 | D:2      | Reached XP level 4. HP: 36/37 MP: 4/4
  2173 | D:3      | Found Sousem's Jewellery Emporium.
  2218 | D:3      | Found a runed translucent door.
  2318 | D:3      | Noticed Ijyb
  2334 | D:3      | Gained mutation: You passively dampen the noise of your
                  | surroundings. [potion of mutation]
  2334 | D:3      | Gained mutation: You expend magic power (3 MP) to
                  | strengthen your wands. [potion of mutation]
  2338 | D:3      | Killed from afar by Ijyb

Illustrated notes

Levels and vault maps discovered:
D:1:      dpeg_arrival_radiant, layout_basic, serial_shops,
          nicolae_shop_back_alley_shop
D:2:      layout_loops_ring, basic_altar,
          shapermc_ecumenical_altar_mp_urbaneastern,
          minmay_misc_feat_nine_boxes, minmay_tromino_i2
D:3:      layout_basic, lightli_temple_of_fire, ebering_ghost_reflecting_pool,
          gup_sewer_entry_glass, serial_shops, shop, uniq_ijyb

Skill      XL: |  1  2  3  4 |
---------------+-------------+-----
Armour         | 4 |  4.0
Fighting       | |  3.9
Axes           | |  2.7
Shields        | |  4.8

Action                     |  1- 3 |  4- 6 || total
---------------------------+-------+-------++-------
  Melee: War axe           |    86 |    31 ||   117
    Use: Potion            |       |     8 ||     8
         Scroll            |       |     6 ||     6
 Armour: Scale mail        |    43 |    12 ||    55
         Skin              |       |     6 ||     6
  Dodge: Dodged            |    44 |    12 ||    56
  Block: Buckler           |    23 |     8 ||    31
